Cogmind - Beta 10.2 @@@ ROGUE MODE // 2022.02.05 @ 11:47:16 Player: Kaz Result: Destroyed by G-34 Mercenary with Small Laser Performance ------------- Evolutions (0) 0 Regions Visited (2) 400 Robots Destroyed (43) 215 Value Destroyed (1004) 1004 Prototype IDs (0) 0 Alien Tech Used (0) 0 Bonus (0) 0 TOTAL SCORE: 1619 Bonus ------- None Cogmind --------- Core Integrity 0/250 Matter 438/500 Energy 160/160 System Corruption 0% Temperature Cool (12) Movement Rolling (100) Ox1 Location -10/Mines Parts ------- > --- POWER (1) -------- Light Nuclear Core > --- PROPULSION (2) --- Armored Wheel Armored Wheel > --- UTILITY (2) ------ Large Storage Unit High-capacity Matter Pod > --- WEAPON (2) ------- Heavy Assault Rifle Improved Light Cannon > --- INVENTORY (10) --- Ion Engine Compact Wheel Armored Wheel Armored Wheel Large Storage Unit Experimental Sensor Array Power Shielding Improved Light Armor Plating Heavy Assault Rifle Improved Light Cannon Peak State ------------ > --- POWER ------------ Light Nuclear Core > --- PROPULSION ------- Armored Wheel Armored Wheel > --- UTILITY ---------- Large Storage Unit High-capacity Matter Pod > --- WEAPON ----------- Heavy Assault Rifle Improved Light Cannon > --- INVENTORY -------- Ion Engine Compact Wheel Armored Wheel Armored Wheel Large Storage Unit Experimental Sensor Array Power Shielding Improved Light Armor Plating Heavy Assault Rifle Improved Light Cannon [Rating: 15] Favorites ----------- Power Ion Engine Engine Ion Engine Power Core Light Nuclear Core Propulsion Armored Wheel Wheel Armored Wheel Utility Large Storage Unit Storage Large Storage Unit Weapon Improved Light Cannon Energy Gun EM Pulse Gun Ballistic Gun Heavy Assault Rifle Ballistic Cannon Improved Light Cannon Impact Weapon Flail Build | -11 -10 -10 ------- Run | Scr Mat Min Slots Evolved . | . . . Power . | . . . Propulsion . | . . . Utility . | . . . Weapon . | . . . Parts Attached 31 | 7 21 3 Power 6 | 2 2 2 Engine 5 | 2 2 1 Core 1 | . . 1 Reactor . | . . . Propulsion 6 | 2 4 . Treads . | . . . Leg . | . . . Wheel 6 | 2 4 . Hover . | . . . Flight . | . . . Utility 6 | 1 5 . Device . | . . . Storage 6 | 1 5 . Processor . | . . . Hackware . | . . . Protection . | . . . Artifact . | . . . Weapon 13 | 2 10 1 Energy Gun 1 | 1 . . Energy Cannon . | . . . Ballistic Gun 8 | 1 6 1 Ballistic Cannon 3 | . 3 . Launcher . | . . . Special Weapon . | . . . Impact Weapon 1 | . 1 . Slashing Weapon . | . . . Piercing Weapon . | . . . Special Melee Weapon . | . . . Unidentified Prototypes . | . . . Parts Lost 3 | . 1 2 Power 1 | . . 1 Propulsion . | . . . Utility . | . . . Weapon 2 | . 1 1 Highest Loss Streak 2 | . 1 2 Average Slot Usage (%) 98 | . 98 99 Engine 13 | . 14 13 Wheel 27 | . 27 28 Storage 27 | . 27 28 Ballistic Gun 7 | . 10 1 Ballistic Cannon 11 | . 9 14 Impact Weapon 8 | . 7 11 Naked Turns . | . . . Heaviest Build 32 | 12 31 32 Greatest Support 26 | 26 26 24 Greatest Overweight (x) 1 | . 1 1 Average Overweight (x) . | . . . Largest Inventory Capacity 10 | 6 10 10 Average Capacity 9 | 5 8 10 Most Carried 10 | 4 10 10 Average Carried 7 | . 6 9 Final Capacity 10 | 6 10 10 Final Carried 10 | . 9 10 Class Distribution -------------------- 100% | Mutant Dominant Class ---------------- Mutant | -10/Materials Mutant | -10/Mines Resources | -11 -10 -10 ----------- Run | Scr Mat Min Matter Collected 1278 | 192 987 99 Remotely . | . . . Salvage Created 1131 | . 979 152 Parts 83 | . 68 15 Haulers Intercepted 2 | . 2 . Recyclers Shooed . | . . . Parts Field Recycled . | . . . Retrieved Matter . | . . . Parts Self-Destructed . | . . . Prevented . | . . . Kills | -11 -10 -10 ------- Run | Scr Mat Min Combat Hostiles Destroyed 28 | . 22 6 Guns 14 | . 14 . Cannons 14 | . 8 6 Classes Destroyed 8 | . 8 . Worker 5 | . 3 2 Builder 2 | . 1 1 Tunneler 2 | . 2 . Hauler 2 | . 2 . Operator 1 | . 1 . Watcher 3 | . 3 . Swarmer 6 | . 3 3 Grunt 22 | . 19 3 Best Kill Streak 10 | . 10 3 Combat Bots Only 4 | . 4 3 Max Kills in Single Turn 1 | . 1 1 Gunslinging . | . . . Exploded . | . . . Melee . | . . . Uniques/NPCs Destroyed . | . . . Combat | -11 -10 -10 -------- Run | Scr Mat Min Damage Taken 1130 | . 714 416 Core 251 | . 133 118 Absorbed by Shields . | . . . Core Remaining (%) 100 | 100 . . Volleys Fired 144 | . 112 32 Largest 2 | . 2 2 Hottest 78 | . 78 62 Shots Fired 209 | . 176 33 Gun 141 | . 140 1 Cannon 68 | . 36 32 Launcher . | . . . Special . | . . . Kinetic 209 | . 176 33 Thermal . | . . . Explosive . | . . . Electromagnetic . | . . . Robot Hit Streak 22 | . 22 4 Robot Miss Streak 7 | . 5 7 Penetration Max . | . . . Secondary Targets 1 | . 1 . Max Gunslinging Chain 1 | . 1 . Shots Hit Robots 122 | . 108 14 Core Hits 53 | . 43 10 Critical Hits . | . . . Critical Kills . | . . . Critical Parts Destroyed . | . . . Melee Attacks . | . . . Impact . | . . . Slashing . | . . . Piercing . | . . . Sneak Attacks . | . . . Combat Hostiles . | . . . Follow-up Attacks . | . . . Damage Inflicted 1981 | . 1670 311 Guns 1100 | . 1100 . Cannons 881 | . 570 311 Explosions . | . . . Melee . | . . . Ramming . | . . . Kinetic 1981 | . 1670 311 Thermal . | . . . Explosive . | . . . Electromagnetic . | . . . Impact . | . . . Slashing . | . . . Piercing . | . . . Highest Corruption . | . . . Average Corruption . | . . . Corruption Purged . | . . . Overload Shots . | . . . Overflow Damage 29 | . 29 . Projectiles 29 | . 29 . Explosions . | . . . Melee . | . . . Knockbacks 13 | . 9 4 Impact . | . . . Kinetic 12 | . 8 4 Secondary 1 | . 1 . Self-Inflicted Damage . | . . . Shots . | . . . Rammed . | . . . Targets Rammed . | . . . Kicked . | . . . Crushed . | . . . Highest Temperature 24 | . 24 15 Average Temperature 7 | . 7 7 Received Heat Transfer 393 | . 345 48 Siege Activations . | . . . Robots Corrupted . | . . . Combat Hostiles . | . . . Parts Fried . | . . . Impact Corruptions . | . . . Robots Melted . | . . . Combat Hostiles . | . . . Parts Melted . | . . . Heat Transferred . | . . . Parts Sabotaged . | . . . Parts Stolen . | . . . Parts Stripped . | . . . Power Chain Reactions . | . . . Missiles Intercepted . | . . . Alert | -11 -10 -10 ------- Run | Scr Mat Min Peak Influence 353 | . 353 165 Initial 100 | . . 100 Average 167 | . 216 86 Maximum Alert Level 1 | . 1 . Low Security (%) 51 | 100 23 100 Level 1 48 | . 76 . Level 2 . | . . . Level 3 . | . . . Level 4 . | . . . Level 5 . | . . . High Security . | . . . Max Security . | . . . Squads Dispatched 10 | . 9 1 Investigation 5 | . 4 1 Extermination . | . . . Reinforcement 5 | . 5 . Assault . | . . . Garrison . | . . . Intercept . | . . . Construction Impeded . | . . . Haulers Reinforced . | . . . Stealth | -11 -10 -10 --------- Run | Scr Mat Min Distress Signals 1 | . 1 . Communications Jammed . | . . . Distress Signals . | . . . Times Spotted 46 | . 38 8 Peak Tracking Total 5 | . 5 3 Tactical Retreats . | . . . Traps | -11 -10 -10 ------- Run | Scr Mat Min Traps Triggered 3 | . 3 . Indirectly . | . . . Trap Hack Attempts . | . . . Triggered . | . . . Disarmed . | . . . Reprogrammed . | . . . Reused . | . . . Traps Extracted . | . . . Installed . | . . . Triggered . | . . . Machines | -11 -10 -10 ---------- Run | Scr Mat Min Machines Disabled 6 | . 3 3 Max in Single Turn 1 | . 1 1 Machines Sabotaged . | . . . Garrisons Compromised . | . . . Overloaded Fab Kills . | . . . Fab Network Shutdowns . | . . . Hacking | -11 -10 -10 --------- Run | Scr Mat Min Machines Accessed 2 | . 1 1 Terminals . | . . . Fabricators . | . . . Repair Stations 1 | . 1 . Recycling Units . | . . . Scanalyzers . | . . . Garrison Access . | . . . Total Hacks 9 | . 8 1 Successful 7 | . 6 1 Failed 2 | . 2 . Catastrophic . | . . . Database Lockouts . | . . . Manual . | . . . Terminals . | . . . Fabricators . | . . . Repair Stations 8 | . 8 . Recycling Units . | . . . Scanalyzers . | . . . Garrison Access . | . . . Terminal Hacks 1 | . . 1 Open Door 1 | . . 1 Fabricator Hacks . | . . . Repair Station Hacks 6 | . 6 . Scan Component 3 | . 3 . Repair 3 | . 3 . Recycling Unit Hacks . | . . . Scanalyzer . | . . . Garrison Access Hacks . | . . . Unauthorized Hacks . | . . . Terminals . | . . . Fabricators . | . . . Repair Stations . | . . . Recycling Units . | . . . Scanalyzers . | . . . Garrison Access . | . . . Data Cores Recovered . | . . . Used . | . . . Hacking Detections 1 | . 1 . Full Trace Events 1 | . 1 . Feedback Events . | . . . Feedback Blocked . | . . . Robot Schematics Acquired . | . . . Robots Built . | . . . Matter . | . . . Time . | . . . Total Robot Build Rating . | . . . Part Schematics Acquired . | . . . Parts Built . | . . . Matter . | . . . Time . | . . . Total Part Build Rating . | . . . Parts Repaired 3 | . 3 . Time 90 | . 90 . Parts Recycled . | . . . Recycled Matter . | . . . Retrieved Matter . | . . . Retrieved Components . | . . . Parts Scanalyzed . | . . . Part Schematics Acquired . | . . . Parts Damaged . | . . . Bothacking | -11 -10 -10 ------------ Run | Scr Mat Min Used RIF Installer . | . . . Robots Hacked . | . . . Non-combat . | . . . Combat . | . . . Robot Hacks Applied . | . . . Relay Couplers Released . | . . . Robots Rewired . | . . . Allies Hacked . | . . . Hacks Repelled . | . . . Allies | -11 -10 -10 -------- Run | Scr Mat Min Total Allies . | . . . Largest Group . | . . . Highest-Rated Group . | . . . Highest-Rated Ally . | . . . Total Orders . | . . . Ally Attacks . | . . . Total Damage . | . . . Kills . | . . . Allies Corrupted . | . . . Allies Melted . | . . . Intel | -11 -10 -10 ------- Run | Scr Mat Min Robot Analysis Total . | . . . Derelict Logs Recovered 1 | . . 1 Drone Launches . | . . . Drone Recoveries . | . . . Exploration | -11 -10 -10 ------------- Run | Scr Mat Min Turns Passed 2396 | 71 1539 786 Spaces Moved 1886 | 63 1110 713 Core 2 | 2 . . Treads . | . . . Legs . | . . . Wheels 1884 | 61 1110 713 Hover . | . . . Flight . | . . . Fastest Speed 50 | 50 90 90 Average Speed 98 | 89 97 99 Slowest Speed 100 | 100 100 100 Overloaded Moves . | . . . Propulsion Burnouts . | . . . Robots Hopped . | . . . Cave-ins Triggered . | . . . Exploration Rate (%) 67 | 4 98 99 Regions Visited 2 Branch Regions 1 Pre-discovered Areas 2 | . . 2 Known Exits Taken . | . . . Unknown Exits Taken 2 | 1 1 . Scrap Searched 3 | . . 3 Spaces Dug . | . . . Terrain Destroyed 2 | . 1 1 Melee . | . . . Projectile 2 | . 1 1 AOE . | . . . Terrain Rammed . | . . . Walls Destroyed . | . . . Machines Disabled . | . . . Actions | -11 -10 -10 --------- Run | Scr Mat Min Total 2222 | 77 1392 753 Wait 104 | . 104 . Move 1884 | 62 1109 713 Hop . | . . . Pick Up 41 | 7 30 4 Fast Attach . | . . . Attach 13 | 6 5 2 Detach . | . . . Swap 18 | 1 16 1 Drop 18 | 1 16 1 Fire 144 | . 112 32 Melee . | . . . Ram . | . . . Kick . | . . . Crush . | . . . Escape Stasis . | . . . Rewire . | . . . Trap . | . . . Miscellaneous . | . . . Route ------- -11/Scrapyard -10/Materials (discovered 5 exits: [*Mat x3] / *Min x2) -10/Mines (discovered 3 exits: [*Mat x2] / [*Exi]) History --------- Turn | Location | Event 12 | -11/Scrapyard | Discovered new exit (range 16) 72 | -11/Scrapyard | Entered Materials 112 | -10/Materials | Discovered new exit (range 8) 301 | -10/Materials | Build established: Mutant 477 | -10/Materials | Repaired Lgt. Ion Engine? 506 | -10/Materials | Discovered new exit (range 9) 781 | -10/Materials | Discovered new exit (range 16) 1087 | -10/Materials | Repaired Arm. Wheel 1180 | -10/Materials | Discovered new exit (range 14) 1202 | -10/Materials | Core integrity fell below 50% 1406 | -10/Materials | Discovered new exit (range 16) 1582 | -10/Materials | Repaired Arm. Wheel 1611 | -10/Materials | Entered Mines 1702 | -10/Mines | Deemed a non-threat by the Exiles lab entrance 1702 | -10/Mines | Discovered new exit (range 5) 1761 | -10/Mines | Found a damaged Exp. Sensor Array with a note attached 1763 | -10/Mines | Found Prototype Device 1839 | -10/Mines | Discovered new exit (range 15) 1845 | -10/Mines | Learned location of Mines (-9) 2120 | -10/Mines | Learned location of Storage (-9) 2178 | -10/Mines | Received a Rocket Launcher from a helpful Derelict 2229 | -10/Mines | Discovered new exit (range 14) 2266 | -10/Mines | Core integrity fell below 20% 2361 | -10/Mines | Met a Derelict shopkeep closing up shop 2397 | -10/Mines | Destroyed by G-34 Mercenary with Small Laser Last Messages --------------- 02280_ S-10 Pest knocked back. 02282_ S-10 Pest destroyed. 02284_ Acquired 13 matter. 02287_ Acquired 7 matter. 02324_ Acquired 21 matter. 02360_ Connecting with SHOP.Sys... 02360_ Current location identified: Mines >>Open Door Sealed Doors opened. 02361_ XH-3L4(g): "Sorry, the Unaware have moved into these parts and I'm closing up shop. No more sales from me!" 02363_ ALERT: Derelict activity detected in mines. Dispatching investigation squad. 02365_ XH-3L4(g): "Take whatever you can and run for it!" 02365_ Acquired Imp. Light Armor Plating. 02368_ Acquired Lgt. Nuclear Core. 02370_ Dropped Prototype Device. 02373_ Acquired Prototype Device. 02393_ XH-3L4(g) destroyed. 02394_ G-34 Mercenary heat short circuits Aluminum Leg. 02394_ G-34 Mercenary destroyed. Map ----- +----------------------------------------------------+ | | | | | | | | | | | | | | | | | ?????????????????????????????????????????????????? | | ??????????????????????????????????###????????????? | | ?#########??????????????????####### ###??????????? | | ?# #??????????????????# % #??????????? | | ?# ! #########??????????# ############ | | ?# !! ##""""""#??????????# < ## | | ?# ## ! !!!#??????????# = "# """ """ | | ?# ! ### ##??????????# """ " * [ """ """ | | ?# #?#] [####????????# """ """ ## """ """ | | ### #### ## ##???????# """ """ ## | | ## X ##??????# ## """ """ | | #### ###### ##?????###### #### """ """ | | #### #???## ##?????????# #??# """ """ | | #???# ##????????# #??# | | ######???# #????????# #?######## ## | | ?????????#### #??####??# ### #??# #? | | ????????????## ##### ##?# %## #?# ## | | ?????????????# # # @ ### [## ?# | | ?????????????# ## # %[ = ## #?# ?# | | ?####????????## ## # ## *%=g # #?# ?## | | # #?????????## ## [ g #?# ### | | #???????????############# ##?# | | #????????????????## ##?# | | #??????#####????## """ ##### ## | | #?????## ##??## ###### """ #??## ##? | | ##??#### #### ##??# """ ##??## #?? | | ##?## ## ##?# ##??# #?? | | ### #### #### #?? | | ## ##### ! != #?? | | #### ##?## ## ##### ### | | ## ##??## ##?## ######???# # | | #### ##???# ##?####???????## | | ##??## ##??## ##???????????# | | ##???# ###?## ##?????????## # | | ##??## ##?#### ##???????## ### | | #???#### #????## ###?????# ##?? | | # #??????# #?????## ##????# ##?? | | ## #??????# ##?????## ##???## ##? | | ?# #??????## ####?????## #????# #? | | ?## #???????####???????## #????# #? | | ?## #?????????????????## ## #???## ## | | ## ####??????????????# ### #??## # | +----------------------------------------------------+ Best States ------------- Heat Dissipation 25 Energy Generation 14 Energy Capacity 250 Matter Stores 500 Matter Capacity 500 Sight Range 16 Terrain Scan Density 10 Evasion (%) 42 Item Schematics ----------------- None Robot Schematics ------------------ None Fabricated ------------ Nothing Alien Tech Used ----------------- None Achievements -------------- None Challenges ------------ None Game ------ Seed AnalysisGodPrototype Manual? 0 Play Time 00:26:42 Cumulative 25.5 hours Start 2022.02.05 @ 11:21:52 End 2022.02.05 @ 11:47:16 Sessions 1 Manual Loads 0 Difficulty Rogue Special Mode None Game No. 33 Rogue 30 Adventurer 3 Explorer 0 Win Type - Total 0 Types 0/0/0/0/0/0/0/0/0 Lore% 6 Gallery% 18 Achievement% 11 Wizard Run 0 Options --------- ASCII 0 Keyboard 0 Movement Mouse Keybinds 0 Fullscreen 1 Font 24/Proggy Map View 113x50 Tactical HUD 1 Map Filters NONE Filters NONE Steam 1 RUN: 8e4ae888-6598-4f3f-9e28-4054ff5bed3b